Map: Triton LE

Players

Neeb - Winner!

  • Race: Protoss Protoss
  • Spawn Location: 5:00

ShaDoWn

  • Race: Protoss Protoss
  • Spawn Location: 11:00

VOD

Have the link to the VOD?

Description

Time

  • Played on: Sept. 6, 2019, 7:57 p.m.
  • Length: 11:34
Show
View Real Time Build Order
Export as new Build Order

Neeb Protoss - Winner!

Build Orders: Phoenix Opening, Archon Immortal 

Get SALT Encoding   

  12  0:00  Probe  
  13  0:12  Probe  
  14  0:17  Pylon  
  14  0:24  Probe  
  15  0:32  Probe  
  15  0:38  Gateway  
  15  0:40  Probe  
  16  0:46  Assimilator  
  17  0:51  Probe  
  17  0:54  Assimilator  
  18  0:59  Probe  
  19  1:06  Gateway  
  19  1:07  Probe  
  19  1:17  Probe  
  21  1:26  Cybernetics Core  
  21  1:29  Probe  
  22  1:34  Pylon  
  22  1:41  Probe  
  23  1:53  Probe  
  24  2:03  Warp Gate, Adept x2  
  24  2:06  Probe  
  29  2:14  Pylon  
  29  2:33  Sentry x2  
  33  2:49  Nexus  
  33  2:50  Probe  
  33  2:53  Shield Battery  
  33  2:59  Stalker  
  33  3:02  Stalker  
  38  3:05  Probe  
  38  3:11  Pylon  
  38  3:17  Probe  
  39  3:25  Probe  
  39  3:31  Robotics Facility  
  39  3:33  Probe  
  41  3:41  Phoenix  
  41  3:43  Probe  
  41  3:45  Forge  
  42  3:51  Probe  
  43  3:59  Probe  
  43  4:02  Probe  
  44  4:07  Protoss Ground Weapons Level 1  
  44  4:08  Immortal  
  41  4:10  Probe  
  41  4:14  Probe  
  43  4:22  Probe  
  48  4:26  Probe  
  49  4:31  Sentry  
  49  4:34  Probe  
  49  4:38  Pylon, Probe  
  53  4:42  Immortal  
  53  4:46  Probe, Assimilator  
  53  4:48  Assimilator  
  53  4:50  Probe  
  59  5:00  Twilight Council, Probe  
  59  5:01  Phoenix  
  59  5:02  Probe  
  61  5:10  Zealot x2  
  61  5:12  Probe  
  61  5:13  Warp Prism  
  66  5:14  Probe  
  66  5:19  Pylon  
  69  5:26  Pylon  
  69  5:33  Probe x2  
  70  5:39  Protoss Ground Weapons Level 2  
  65  5:47  Probe  
  63  5:53  Immortal  
  63  5:55  Stalker  
  63  5:56  Stalker  
  71  6:06  Gateway  
  71  6:07  Gateway  
  71  6:08  Templar Archives, Charge  
  71  6:11  Probe  
  72  6:27  Adept  
  72  6:28  Adept  
  76  6:33  Observer  
  77  6:46  Gateway  
  77  6:48  Gateway  
  77  6:54  Immortal  
  81  7:02  Gateway, High Templar x2  
  81  7:04  Gateway  
  81  7:06  Probe  
  81  7:07  Archon  
  82  7:11  Zealot x2  
  84  7:20  Probe  
  85  7:28  Pylon  
  85  7:31  Nexus  
  85  7:33  Pylon  
  85  7:46  High Templar x4  
  85  7:51  Archon x2  
  93  7:53  Zealot x2  
  93  7:57  Zealot  
  93  7:58  Pylon  
  99  7:59  Pylon, Zealot  
  99  8:03  Photon Cannon  
  101  8:14  Probe, Robotics Bay  
  101  8:16  Probe  
  101  8:17  Zealot x2  
  101  8:18  Zealot x2  
  111  8:36  Probe x2  
  111  8:41  High Templar x2  
  117  8:47  Zealot x3, Archon  
  123  8:48  Probe  
  123  8:49  Probe  
  123  8:51  Disruptor  
  128  9:04  Probe x2  
  128  9:05  Probe  
  128  9:08  Pylon  
  128  9:09  Pylon  
  131  9:16  Assimilator, Gravitic Drive  
  131  9:17  Assimilator  
  131  9:18  Pylon  
  131  9:27  Disruptor  
  134  9:31  Probe  
  134  9:32  Probe x2  
  134  9:47  Zealot x8  
  134  9:50  Probe x2  
  150  10:02  Disruptor  
  150  10:06  Photon Cannon  
  153  10:08  High Templar x2  
  153  10:11  Pylon  
  153  10:12  Pylon  
  153  10:13  Pylon  
  157  10:14  Pylon  
  157  10:16  Archon  
  157  10:20  Zealot  
  157  10:38  Disruptor, High Templar x2, Zealot x2  
  157  10:39  Zealot  
  144  11:08  Zealot  
  144  11:09  Zealot x5  
  142  11:19  Robotics Facility  
  136  11:29  Stalker x5  
  136  11:30  Stalker  
  136  11:31  Nexus  
Show
View Real Time Build Order
Export as new Build Order

ShaDoWn Protoss 

Build Orders: Phoenix Opening, Zealot Archon 

Get SALT Encoding   

  12  0:00  Probe  
  13  0:12  Probe  
  14  0:17  Pylon  
  14  0:24  Probe  
  15  0:32  Probe  
  15  0:36  Gateway  
  15  0:40  Probe  
  16  0:46  Assimilator  
  17  0:51  Probe  
  17  0:54  Assimilator  
  18  0:59  Probe  
  19  1:07  Probe  
  19  1:08  Gateway  
  19  1:17  Probe  
  20  1:24  Cybernetics Core  
  21  1:29  Probe  
  22  1:33  Pylon  
  22  1:41  Probe  
  23  1:50  Warp Gate  
  23  1:53  Probe  
  24  2:00  Sentry, Stalker  
  28  2:13  Pylon  
  28  2:26  Sentry  
  30  2:33  Nexus  
  30  2:34  Phoenix  
  31  2:41  Robotics Facility  
  30  2:46  Probe  
  31  2:52  Stalker  
  31  2:58  Probe  
  34  3:10  Probe  
  34  3:11  Pylon  
  34  3:12  Shield Battery  
  35  3:22  Immortal, Probe  
  35  3:24  Shield Battery  
  40  3:35  Probe  
  41  3:44  Shield Battery  
  41  3:45  Probe  
  42  3:49  Probe  
  42  3:50  Immortal  
  43  3:56  Shield Battery  
  45  4:05  Probe  
  45  4:06  Probe  
  45  4:18  Probe x2  
  45  4:22  Warp Prism  
  47  4:25  Adept x2  
  47  4:30  Probe  
  54  4:34  Probe  
  55  4:42  Probe  
  56  4:46  Pylon, Probe  
  57  4:54  Probe  
  57  4:57  Observer  
  57  4:58  Probe  
  59  5:00  Pylon  
  59  5:06  Probe  
  61  5:08  Assimilator  
  61  5:09  Probe  
  61  5:10  Assimilator  
  61  5:12  Forge  
  62  5:17  Probe  
  62  5:18  Probe  
  63  5:22  Twilight Council  
  63  5:25  Probe  
  64  5:30  Probe  
  66  5:37  Probe  
  66  5:39  Protoss Ground Weapons Level 1  
  66  5:42  Probe  
  64  5:49  Probe  
  61  5:53  Pylon  
  61  5:54  Probe  
  62  5:59  Stalker  
  62  6:02  Charge  
  64  6:04  Templar Archives  
  64  6:07  Gateway  
  64  6:08  Gateway, Zealot  
  64  6:09  Gateway  
  66  6:23  Gateway  
  66  6:24  Gateway  
  66  6:25  Gateway  
  66  6:41  Pylon  
  66  6:42  Pylon  
  66  6:50  Zealot x2  
  66  6:53  Probe  
  70  6:57  Probe  
  66  7:02  Probe  
  66  7:05  Probe  
  65  7:10  Probe  
  65  7:11  Zealot x3  
  65  7:14  Probe  
  71  7:21  Probe  
  71  7:22  High Templar x4  
  73  7:26  Probe, Archon  
  74  7:33  Probe  
  74  7:34  Warp Prism  
  71  7:38  Probe  
  71  7:39  Nexus  
  72  7:45  Archon  
  72  7:46  High Templar x4  
  80  7:52  Archon x2, Robotics Bay  
  80  7:57  Pylon  
  80  8:04  Pylon  
  80  8:08  Protoss Ground Weapons Level 2  
  80  8:10  Shield Battery  
  80  8:22  Nexus  
  81  8:28  Disruptor, Probe x2  
  82  8:37  Pylon  
  85  8:42  Probe x2  
  83  8:51  Nexus  
  83  8:54  Disruptor  
  81  8:56  Probe x2  
  81  8:59  Probe  
  81  9:08  Probe x2  
  81  9:09  Pylon  
  86  9:12  Probe  
  86  9:15  Zealot  
  86  9:16  Zealot x3  
  94  9:19  Zealot x3  
  100  9:29  Probe  
  101  9:31  Disruptor  
  104  9:44  Probe  
  101  9:50  High Templar x4  
  105  9:53  Probe  
  105  9:54  Archon x2  
  105  9:56  Warp Prism, Pylon, Probe, Nexus  
  105  9:57  Probe  
  104  10:01  Probe, Assimilator  
  104  10:05  Assimilator  
  105  10:08  Probe  
  105  10:12  Probe  
  108  10:21  Robotics Facility  
  109  10:24  Probe, Disruptor  
  116  10:40  Dark Shrine  
  116  10:42  Stalker x2  
  117  10:54  Zealot x6  
  93  11:11  Zealot x2  
  98  11:14  Zealot x4  
  98  11:18  Zealot x2  
Tags
 
Add a new tag
Caveats
  • Supply blocks, unpowered buildings, or Contaminate may cause inaccurate times.
  • Supply counts are checked every 10 seconds.